 Dungeon Crawl Stone Soup version 0.20.1-1-g8b1a95d (webtiles) character file.

210 Irenicus the Grave Robber (level 5, -19/42 HPs)
             Began as a Deep Dwarf Necromancer on Nov 3, 2017.
             Demolished by an orc warrior
             ... wielding a +0 glaive
              (25 damage)
             ... on level 3 of the Dungeon.
             The game lasted 00:10:45 (1434 turns).

Irenicus the Grave Robber (Deep Dwarf Necromancer)  Turns: 1434, Time: 00:10:46

Health: -19/42     AC:  4    Str: 15    XL:     5   Next: 57%
Magic:  2/8        EV: 12    Int: 15    God:
Gold:   169        SH:  0    Dex: 14    Spells: 3/8 levels left

rFire    . . .     SeeInvis .   m - +0 short sword (protect)
rCold    . . .     Gourm    .   (no shield)
rNeg     . . .     Faith    .   a - +0 robe
rPois    .         Spirit   .   (no helmet)
rElec    .         Reflect  .   q - +1 cloak
rCorr    .         Harm     .   (no gloves)
MR       +....                  (no boots)
Stlth    +++.......             (no amulet)
Regen    0.0/turn               (no ring)
MPRegen  0.2/turn               (no ring)

@: mighty, non-regenerating
A: damage resistance, heal wounds, magic resistance 1, sense surroundings 1,
weak 1, evolution 1, no regeneration
a: Heal Wounds


You were on level 3 of the Dungeon.
You were not hungry.

You visited 1 branch of the dungeon, and saw 3 of its levels.

You collected 169 gold pieces.

Inventory:

Hand Weapons
 g - a +0 dagger
 m - a +0 short sword of protection (weapon)
Missiles
 k - 8 poisoned javelins (quivered)
Armour
 a - a +0 robe (worn)
 q - a +1 cloak (worn)
Scrolls
 e - a scroll of enchant armour
 f - 2 scrolls of fog
 i - a scroll of random uselessness {unknown}
 l - a scroll of remove curse {unknown}
Potions
 d - a potion of brilliance
 h - a potion of curing
 o - a potion of mutation
 r - a potion of resistance
Books
 b - a book of Necromancy

   Spells                             Type                      Level
   a - Pain                           Necromancy                   1
   b - Animate Skeleton               Necromancy                   1
   c - Vampiric Draining              Necromancy                   3
   d - Regeneration                   Charms/Necromancy            3
   e - Animate Dead                   Necromancy                   4
   f - Control Undead                 Necromancy                   4
Comestibles
 c - 3 bread rations
 j - a royal jelly
 p - 3 fruits


   Skills:
 - Level 2.1 Dodging
 - Level 5.0 Stealth
 - Level 2.0 Spellcasting
 + Level 6.4 Necromancy


You had 3 spell levels left.
You knew the following spells:

 Your Spells              Type           Power        Failure   Level  Hunger
a - Pain                  Necr           ###.         1%          1    #......
b - Animate Skeleton      Necr           N/A          1%          1    #......
e - Vampiric Draining     Necr           ###.......   4%          3    ###....


Dungeon Overview and Level Annotations

Branches:
Dungeon (3/15)

Altars:
Uskayaw
Xom


Innate Abilities, Weirdness & Mutations

You are resistant to damage.
You can heal yourself by infusing magical energy.
You passively map a small area around you.
You do not regenerate.
You are resistant to hostile enchantments. (MR+)
You are weak. (Str -2)
You evolve.


Message History

The adder is severely wounded.
The adder bites you but does no damage.
You miss the adder.
The adder is severely wounded.
The adder barely misses you.
The orc warrior hits you from afar with a glaive!
* * * LOW HITPOINT WARNING * * *
The adder barely misses you.
It was a potion of might.
You feel very mighty all of a sudden.
The orc warrior hits you from afar with a glaive.
* * * LOW HITPOINT WARNING * * *
The adder closely misses you.
Okay, then.
You miss the adder.
The adder is severely wounded.
The adder closely misses you.
The orc warrior hits you from afar with a glaive!!
Ouch! That really hurt!
You die...

######.........############....#
** #########............)....# *
##############....# * #....# ,
#....# , .############# #....#
,.w..wo.)w..oo### ###.#####
**...########.oS.########.......#
, #..#@.....##...####.# *
#..#...8..##...#..#.. *
...##..8_8.##._.#(.#..
.....###รท.8..#....#(.#.. *
....### #.....#....####.. .?...
#..#..#.#........ ######..#...
#.##....########. ..........
...####.## . ##.....##
*.....**..# **


You could see an orc warrior, a worm, an adder and 2 orcs.

Vanquished Creatures
  Crazy Yiuf (D:2)
  An orc priest (D:3)
  Natasha (D:3)
  2 gnolls
  2 adders
  An ooze (D:3)
  A dart slug (D:1)
  A leopard gecko (D:3)
  2 orcs (D:3)
  3 giant cockroaches
  8 goblins
  7 hobgoblins
  5 jackals
  5 kobolds
  A ball python (D:2)
  5 bats
  5 frilled lizards
  21 rats
72 creatures vanquished.

Vanquished Creatures (collateral kills)
  Jessica (D:2)
1 creature vanquished.

Grand Total: 73 creatures vanquished

Notes
Turn   | Place    | Note
-------+----------+-------------------------------------------
     0 | D:1      | Irenicus the Deep Dwarf Necromancer began the quest for the Orb.
     0 | D:1      | Reached XP level 1. HP: 15/15 MP: 3/3
   155 | D:1      | Reached XP level 2. HP: 22/22 MP: 0/4
   264 | D:1      | Reached skill level 5 in Necromancy
   418 | D:1      | Reached XP level 3. HP: 21/28 MP: 0/6
   476 | D:1      | Learned a level 3 spell: Vampiric Draining
   586 | D:2      | Learned a level 1 spell: Animate Skeleton
   641 | D:2      | Noticed Jessica
   653 | D:2      | Killed Jessica
   680 | D:2      | Reached skill level 6 in Necromancy
   680 | D:2      | Reached XP level 4. HP: 18/36 MP: 1/7
   881 | D:2      | Found a runed door.
   885 | D:2      | Noticed Crazy Yiuf
   909 | D:2      | Killed Crazy Yiuf
   940 | D:2      | You fall through a shaft!
   955 | D:3      | Gained mutation: You evolve. [potion of mutation]
   955 | D:3      | Gained mutation: You are weak. (Str -2) [potion of mutation]
   955 | D:3      | Gained mutation: You are resistant to hostile enchantments. (MR+) [potion of mutation]
  1014 | D:2      | Found a shimmering altar of Xom.
  1016 | D:2      | Found a shadowy altar of Dithmenos.
  1016 | D:2      | Found a blossoming altar of Fedhas.
  1018 | D:2      | Found a basalt altar of Yredelemnul.
  1018 | D:2      | Found a shimmering altar of Xom.
  1018 | D:2      | Found a bloodstained altar of Trog.
  1185 | D:3      | Noticed Natasha
  1224 | D:3      | Killed Natasha
  1224 | D:3      | Reached XP level 5. HP: 21/42 MP: 1/8
  1331 | D:3      | Found a hide-covered altar of Uskayaw.
  1335 | D:3      | Noticed a dagger
  1335 | D:3      | Noticed a hand axe
  1338 | D:3      | Reached skill level 5 in Stealth
  1376 | D:3      | Found a faded altar of an unknown god.
  1414 | D:3      | Noticed an orc warrior
  1434 | D:3      | Demolished by an orc warrior

Skill      XL: |  1  2  3  4  5 |
---------------+----------------+-----
Spellcasting   | 2 |  2.0
Necromancy     | 5 6 |  6.4
Stealth        | 4 5 |  5.0
Dodging        | |  2.1

Action                   |  1- 3 |  4- 6 || total
-------------------------+-------+-------++-------
Melee: Unarmed           |    20 |       ||    20
       Dagger            |    28 |     9 ||    37
       Short sword       |       |    36 ||    36
Throw: Javelin           |     6 |       ||     6
 Cast: Pain              |    49 |    38 ||    87
       Animate Skeleton  |     3 |     3 ||     6
       Vampiric Draining |       |     5 ||     5
 Abil: Heal Wounds       |       |     1 ||     1
  Use: Scroll            |       |     5 ||     5
       Potion            |       |     4 ||     4
 Stab: Sleeping          |     1 |     3 ||     4
  Eat: Chunk             |       |     4 ||     4
Armor: Robe              |    10 |    23 ||    33
Dodge: Dodged            |    32 |    57 ||    89
